 Dungeon Crawl Stone Soup version 0.23.0-3-gf3c87f2 (webtiles) character file.

Game seed: 559349888788094843

11 Kairos the Sneak (level 2, 0/13 HPs)
             Began as a Vine Stalker Enchanter on Feb 22, 2019.
             Killed from afar by a dart slug (2 damage)
             ... with a slug dart
             ... on level 1 of the Dungeon.
             The game lasted 00:00:34 (543 turns).

Kairos the Sneak (Vine Stalker Enchanter)            Turns: 543, Time: 00:00:34

Health: 0/13       AC:  3    Str: 10    XL:     2   Next: 25%
Magic:  0/6        EV: 12    Int: 15    God:
Gold:   0          SH:  0    Dex: 14    Spells: 5/6 levels left

rFire    . . .     SeeInvis .   a - +1 dagger
rCold    . . .     Gourm    .   (no shield)
rNeg     . . .     Faith    .   b - +0 robe
rPois    .         Spirit   +   (no helmet)
rElec    .         Reflect  .   (no cloak)
rCorr    .         Harm     .   e - +0 pair of gloves
MR       .....                  (no boots)
Stlth    ++........             (no amulet)
HPRegen  0.04/turn              (no ring)
MPRegen  0.10/turn              (no ring)

@: no status effects
A: fangs 2, magic shield, antimagic bite, no potion heal 3, rot immunity
a: no special abilities


You were on level 1 of the Dungeon.
You were not hungry.

You visited 1 branch of the dungeon, and saw 1 of its levels.

Inventory:

Hand Weapons
 a - a +1 dagger (weapon)
Armour
 b - a +0 robe (worn)
 e - a +0 pair of gloves (worn)
Scrolls
 c - a scroll of identify {unknown}
Potions
 f - a potion of ambrosia {unknown}
 g - a potion of magic {unknown}
Comestibles
 d - a ration


   Skills:
 + Level 0.1 Fighting
 + Level 1.2 Short Blades
 + Level 1.6 Dodging
 + Level 3.7 Stealth
 + Level 2.5 Spellcasting
 + Level 3.1 Hexes


You had 5 spell levels left.
You knew the following spells:

 Your Spells              Type           Power        Failure   Level  Hunger
a - Corona                Hex            ##.....      6%          1    #......

Your spell library contained the following spells:

 Spells                   Type           Power        Failure   Level  Hunger
 Ensorcelled Hibernation  Hex/Ice        #.....       17%         2    ###....
 Confuse                  Hex            ##......     17%         3    ###....
 Tukima's Dance           Hex            ##......     17%         3    ###....
 Dazzling Spray           Conj/Hex       #.....       32%         3    ###....


Dungeon Overview and Level Annotations

Branches:
Dungeon (1/15)

Altars:


Innate Abilities, Weirdness & Mutations

You have extremely sharp teeth.
When hurt, damage is shared between your health and your magic reserves.
Your bite disrupts and absorbs the magic of your enemies.
Potions cannot restore your health.
You are immune to rotting.


Message History

You are too injured to fight recklessly!
You are too injured to fight recklessly!
You are too injured to fight recklessly!
You are too injured to fight recklessly!
You are too injured to fight recklessly!
Casting: Corona (safe; 6% risk of failure)
Confirm with . or Enter, or press ? or * to list all spells.
Aiming: Corona (safe; 6% risk of failure)
Press: ? - help, Shift-Dir - straight line, f - dart slug
Aim: a dart slug (moderately wounded, clinging, chance to defeat MR: 64%)
The dart slug is outlined in light.
You hit the dart slug but do no damage. You bite the dart slug.
You drain its power.
You feel invigorated.
The dart slug is moderately wounded.
The dart slug closely misses you.
You hit the dart slug.
The dart slug is almost dead.
The dart slug launches a dart at you. The slug dart hits you.
You die...

#...<...# #8.....8# ..
##.....## #. '..8.8..# #.
##.....## #. .#.....#
###. .#.8.8.# ...#
.#.....# ####w###
.#.....# #.#....@.#
.#.8.8.# #.#...##.#
.###'### #.#....#.#
...#.#####.#....#.#
#..#.##..(.....##.#######
#.....#.................#
#.#............##.#.....#
#.#.............(.......#
#.#..............†).....#


You could see a dart slug.

Vanquished Creatures
  4 bats (D:1)
  A goblin (D:1)
  2 hobgoblins (D:1)
  A kobold (D:1)
  A frilled lizard (D:1)
9 creatures vanquished.

Notes
Turn   | Place    | Note
-------+----------+-------------------------------------------
     0 | D:1      | Kairos the Vine Stalker Enchanter began the quest for the
                  | Orb.
     0 | D:1      | Reached XP level 1. HP: 9/9 MP: 4/4
    29 | D:1      | Reached skill level 1 in Short Blades
    49 | D:1      | Reached XP level 2. HP: 3/13 MP: 3/6
   543 | D:1      | Killed from afar by a dart slug

Skill      XL: |  1 |
---------------+----+-----
Short Blades   | 1 |  1.2
Fighting       | |  0.1
Dodging        | |  1.6
Stealth        | |  3.7
Spellcasting   | |  2.5
Hexes          | |  3.1

Action                   || total
-------------------------++-------
Melee: Dagger            ||    37
       Bite              ||     7
 Cast: Corona            ||     1
Armor: Robe              ||    15
Dodge: Dodged            ||    28
